 Dungeon Crawl Stone Soup version 0.31.0-9-g3a7656b989 (webtiles) character file.

Game seed: 9011865123146833779

283827 BubbleThief the Lord of Darkness (level 19, -12/153 (157) HPs)
             Began as a Demonspawn Necromancer on Jan 24, 2024.
             Was the Champion of Kikubaaqudgha.
             Killed from afar by Nikola (83 damage)
             ... with an arc of chain lightning
             ... on level 1 of the Vaults on Jan 25, 2024.
             The game lasted 01:44:48 (37449 turns).

BubbleThief the Lord of Darkness (DsNe)            Turns: 37449, Time: 01:44:49

HP:   -12/153 (157) AC: 30    Str:  8    XL:     19   Next: 77%
MP:   30/35         EV: 28    Int: 27    God:    Kikubaaqudgha [******]
Gold: 785           SH:  0    Dex: 23    Spells: 8/42 levels left

rFire   + . .        O - +8 pair of quick blades "Gyre" and "Gimble" {protect}
rCold   + . .        (shield currently unavailable)
rNeg    . . .        D - +2 leather armour {rC+}
rPois   .            X - +1 helmet
rElec   .            (cloak unavailable)
rCorr   .            N - +2 pair of gloves
SInv    .            T - +0 pair of boots
Will    ++...        S - amulet of Vitality {RegenMP++ Regen++}
Stlth   ++++++       Y - ring of Lamaosil {rF+ Will+ Int+3}
HPRegen 2.05/turn    a - ring "Vallam" {Wiz Int+6 Dex+3}
MPRegen 1.04/turn

%: wizardry (x1)
@: agile, sanguine armoured, under a protective aura, studying 3 skills, lightly
drained
A: foul stench 3, powered by pain 1, sanguine armour 3, weakness stinger 3
}: 2/15 runes: serpentine, barnacled
a: Renounce Religion, Unearth Wretches, Torment


You were on level 1 of the Vaults.
You worshipped Kikubaaqudgha.
Kikubaaqudgha was exalted by your worship.
You visited 6 branches of the dungeon, and saw 31 of its levels.
You also visited: Sewer, Ice Cave and Desolation.

You collected 3463 gold pieces.
You spent 2678 gold pieces at shops.

Inventory:

Hand Weapons
 O - the +8 pair of quick blades "Gyre" and "Gimble" (weapon) {protect}
   (You found it on level 9 of the Dungeon)
Missiles
 v - 2 throwing nets
Armour
 s - a +3 leather armour of fire resistance
 D - a +2 leather armour of cold resistance (worn)
 N - a +2 pair of gloves (worn)
 T - a +0 pair of boots (worn)
 X - a +1 helmet (worn)
Magical Staves
 p - the staff of Geivosat {rF+ rC+++ rN+++ Str-2 Conj}
   (You found it in the Desolation of Salt)

   [staff of conjuration]

   Base accuracy: +5 Base damage: 5 Base attack delay: 1.2 This weapon's minimum
   attack delay (0.6) is reached at skill level 12.
   Str-2:     It affects your strength (-2).
   rF+:       It protects you from fire.
   rC+++:     It renders you almost immune to cold.
   rN+++:     It renders you almost immune to negative energy.
   Conj:      It increases the power of your Conjurations spells.
   It falls into the 'Staves' category.
   It is a one-handed weapon.
Jewellery
 a - the ring "Vallam" (right hand) {Wiz Int+6 Dex+3}
   (You acquired it on level 14 of the Dungeon)

   [ring of wizardry]

   Wiz:       It improves your spell success rate.
   Int+6:     It affects your intelligence (+6).
   Dex+3:     It affects your dexterity (+3).
 o - a ring of protection from cold
 C - a ring of see invisible
 E - the amulet of Jealousy {Reflect rPois Dex+3 Slay+3 SH+5}
   (You bought it in a shop on level 2 of the Orcish Mines)

   [amulet of reflection]

   Reflect:   It reflects blocked missile attacks.
   Dex+3:     It affects your dexterity (+3).
   Slay+3:    It affects your accuracy & damage with ranged weapons and melee
   (+3).
   rPois:     It protects you from poison SH+5: It affects your SH (+5).
 M - the ring "Wialaem" {Fly rCorr Dex+3}
   (You found it on level 2 of the Snake Pit)

   [ring of flight]

   Dex+3:     It affects your dexterity (+3).
   Fly:       It grants you flight.
   rCorr:     It protects you from acid and corrosion.
 S - the amulet of Vitality (around neck) {RegenMP++ Regen++}
   (You bought it in a shop on level 3 of the Snake Pit)

   [amulet of magic regeneration]

   RegenMP:   It increases your rate of magic regeneration.
   Regen++:   It increases your rate of health regeneration.
 V - the amulet of Koiso {Acrobat rElec Int+3}
   (You took it off an imperial myrmidon in the Desolation of Salt)

   [amulet of the acrobat]

   Acrobat:   It increases your evasion while moving and waiting.
   Int+3:     It affects your intelligence (+3).
   rElec:     It insulates you from electricity.
 W - the amulet "Veanourgh" {Acrobat rC++ Int+3 Dex-3 Slay+2}
   (You took it off a servant of whispers in the Desolation of Salt)

   [amulet of the acrobat]

   Acrobat:   It increases your evasion while moving and waiting.
   Int+3:     It affects your intelligence (+3).
   Dex-3:     It affects your dexterity (-3).
   Slay+2:    It affects your accuracy & damage with ranged weapons and melee
   (+2).
   rC++:      It greatly protects you from cold.
 Y - the ring of Lamaosil (left hand) {rF+ Will+ Int+3}
   (You took it off an imperial myrmidon in the Desolation of Salt)

   [ring of willpower]

   Int+3:     It affects your intelligence (+3).
   rF+:       It protects you from fire.
   Will+:     It increases your willpower.
Wands
 g - a wand of acid (14)
 K - a wand of digging (3)
Scrolls
 f - 2 scrolls of blinking
 h - 9 scrolls of teleportation
 l - 9 scrolls of fog
 q - 5 scrolls of enchant armour
 u - 9 scrolls of fear
 w - 5 scrolls of identify
 x - 8 scrolls of enchant weapon
 y - 6 scrolls of amnesia
 H - a scroll of summoning
 L - 2 scrolls of revelation
 R - a scroll of silence
Potions
 b - 5 potions of magic
 c - 4 potions of berserk rage
 d - 4 potions of curing
 e - 7 potions of mutation
 i - 11 potions of heal wounds
 j - 6 potions of brilliance
 k - a potion of lignification
 m - 6 potions of haste
 n - 2 potions of resistance
 r - 6 potions of enlightenment
 t - 4 potions of might
 z - 5 potions of ambrosia
 G - 2 potions of cancellation
 Z - 4 potions of attraction
Miscellaneous
 I - a box of beasts
 J - a condenser vane


   Skills:
 + Level 16.1 Fighting
 - Level 14.0 Short Blades
 + Level 14.9 Dodging
 + Level 13.2 Stealth
 - Level 12.0 Spellcasting
 + Level 13.7 Summonings
 + Level 17.6 Necromancy


You had 8 spell levels left.
You knew the following spells:

 Your Spells              Type           Power      Damage    Failure   Level
a - Haunt                 Necr/Summ      39%        N/A       2%          7
b - Vampiric Draining     Necr           84%        2d12      0%          3
c - Animate Dead          Necr           84%        N/A       1%          4
d - Curse of Agony        Necr           84%        N/A       1%          5
e - Fugue of the Fallen   Necr           84%        N/A       0%          3
f - Dispel Undead         Necr           84%        3d27      1%          4
g - Martyr's Knell        Necr/Summ      79%        N/A       1%          4
h - Anguish               Hex/Necr       29%        N/A       1%          4

Your spell library contained the following spells:

 Spells                   Type           Power      Damage    Failure   Level
 Necrotise                Necr           100%       1d9       0%          1
 Summon Small Mammal      Summ           100%       N/A       0%          1
 Sublimation of Blood     Necr           84%        N/A       0%          2
 Apportation              Tloc           32%        N/A       1%          1
 Foxfire                  Conj/Fire      64%        2x1d7     1%          1
 Kiss of Death            Conj/Necr      100%       2d13      1%          1
 Sandblast                Erth           32%        2d9       1%          1
 Cigotuvi's Dreadful Rot  Necr/Alch/Air  94%        N/A       1%          2
 Call Canine Familiar     Summ           74%        N/A       1%          3
 Summon Blazeheart Golem  Fire/Summ      52%        N/A       1%          4
 Ensorcelled Hibernation  Hex/Ice        32%        N/A       3%          2
 Jinxbite                 Hex            32%        N/A       3%          2
 Lesser Beckoning         Tloc           32%        N/A       3%          2
 Momentum Strike          Conj/Tloc      32%        3d8       3%          2
 Summon Forest            Summ/Tloc      26%        N/A       3%          5
 Confusing Touch          Hex            16%        N/A       6%          3
 Frozen Ramparts          Ice            32%        1d5       6%          3
 Gell's Gravitas          Tloc           16%        N/A       6%          3
 Passwall                 Erth           16%        N/A       6%          3
 Stone Arrow              Conj/Erth      32%        3d9       6%          3
 Swiftness                Air            16%        N/A       6%          3
 Teleport Other           Tloc           16%        N/A       6%          3
 Tukima's Dance           Hex            16%        N/A       6%          3
 Borgnjor's Revivificati  Necr           42%        N/A       10%         8
 Infestation              Necr           42%        N/A       10%         8
 Brom's Barrelling Bould  Conj/Erth      16%        2d4       21%         4
 Leda's Liquefaction      Alch/Erth      8%         N/A       21%         4
 Petrify                  Alch/Erth      16%        N/A       21%         4
 Alistair's Intoxication  Alch           10%        N/A       45%         5
 Irradiate                Conj/Alch      8%         3d14      45%         5
 Metabolic Englaciation   Hex/Ice        8%         N/A       45%         5
 Yara's Violent Unravell  Hex/Alch       8%         3d5       45%         5
 Plasma Beam              Fire/Air       8%         2x1d18    95%         6
 Sculpt Simulacrum        Ice/Alch       8%         N/A       95%         6
 Starburst                Conj/Fire      8%         6d4       95%         6
 Enfeeble                 Hex            8%         N/A       100%        7
 Death's Door             Necr           42%        N/A       80%         9


Dungeon Overview and Level Annotations

Branches:
Dungeon (15/15)            Temple (0/1) D:7            Lair (5/5) D:9
 Shoals (4/4) Lair:3        Snake (4/4) Lair:3        Slime (0/5) Lair:4
    Orc (2/2) D:12            Elf (0/3) Orc:2        Vaults (1/5) D:13
 Depths (0/4) D:15          Sewer (visited)           IceCv (visited)
Desolation (visited)

Altars:
Ashenzari
Dithmenos
Fedhas
Kikubaaqudgha
Trog
Uskayaw
Wu Jian
Xom
Yredelemnul
Jiyva

Shops:
Orc:1 !   Orc:2 ([*=   Snake:3 =:=

Annotations:
Vaults:1 Nikola


Innate Abilities, Weirdness & Mutations

You frequently emit foul miasma when damaged in melee.
You sometimes gain a little power by taking damage.
When seriously injured, your blood forms very thick armour. (AC +12)
You have a sharp stinger which inflicts weakening toxins.


Message History

Your ugly thing zombie is destroyed!
A bolt of lightning appears from out of thin air!
The bolt of lightning hits you!!!
You focus on the pain.
You feel agile all of a sudden.
Your blood congeals into armour.
The bolt of lightning hits your arcanist zombie!!!
Your arcanist zombie is destroyed!
The bolt of lightning hits Nikola!
The bolt of lightning hits your ugly thing zombie!!!
Your ugly thing zombie is destroyed!
The bolt of lightning hits your ugly thing zombie!!!
Unknown command.
Press: ? - help, v - describe, . - travel
Here: Nikola, wielding a +3 rapier of electrocution, wearing a +0 cloak and wearing a +0 pair of gloves (severely wounded, unaware, weak, ally target, hasn't noticed you)
The floor.
Unknown command.
Casting: Haunt (dangerous; 2% risk of failure)
Confirm with . or Enter, or press ? or * to list all spells.
Aiming: Haunt (dangerous; 2% risk of failure)
Press: ? - help, Dir - move target, f - Nikola
Aim: Nikola, wielding a +3 rapier of electrocution, wearing a +0 cloak and wearing a +0 pair of gloves (severely wounded, unaware, weak, ally target, hasn't noticed you) Insubstantial figures form in the air.
Nikola shouts!
Nikola gestures wildly while chanting.
Nikola blinks!
Your ugly thing zombie hits Nikola!
Unknown command.
You barely miss Nikola. You completely miss Nikola. You tail-slap Nikola.
Nikola looks even weaker.
You closely miss Nikola. You puncture Nikola! You tail-slap Nikola!
Nikola looks even weaker.
Nikola is almost dead.
Unknown command.
Unknown command.
You puncture Nikola! You hit Nikola. You tail-slap Nikola, but do no damage.
You closely miss Nikola. You hit Nikola.
Nikola is almost dead.
Nikola casts a spell.
Lightning arcs from Nikola's hands!
The bolt of lightning hits you!!!!
Ouch! That really hurt!
You die...
Kikubaaqudgha rasps: "You have failed me!
Welcome... death!"

#.#.#..#.#.........#
#.#......#.....WWWW#
#.########.........#
#...............ยง..#
#..............W...#
............ZZ.....#
###############....#
,,,....+......#..@.#
##.....#......#.@Z.#
,###...#......#....#
,+,###.+......'....#
,*,,,+.#......#....#
+*****.#......#....#
,+,,*,,#......#....#
,*,**,,########....#
**,*,,,*,,,,,,.....#
,***,,,*,,,,,,.....#


You could see Nikola (weak, ally target), 2 friendly shadow wraiths, a friendly
phantasmal warrior (summoned), a friendly freezing wraith (summoned), a friendly
wraith (summoned) and a friendly ugly thing zombie.

Vanquished Creatures
  Vashnia (Snake:4)
  Jorgrun (Orc:2)
  Mlioglotl (Snake:1)
  Rupert (D:13)
  The ghost of howech the Severer, an adept MiBe of Trog (Shoals:1)
  Frances (D:13)
  Aizul (Shoals:3)
  An azure jelly (Snake:1)
  2 nagarajas (Snake:4)
  A frost giant (IceCv)
  Louise (D:15)
  5 imperial myrmidons (Desolation)
  An orc warlord (Orc:2)
  An ironbound preserver (Vaults:1)
  A stone giant (D:15)
  A halazid warlock (Desolation)
  A white draconian (IceCv)
  Azrael (D:15)
  A crystal guardian (Desolation)
  2 merfolk javelineers
  2 fire dragons
  An ettin (Orc:2)
  Josephine (D:15)
  An entropy weaver (shapeshifter) (D:14)
  3 merfolk impalers
  5 ragged hierophants (Desolation)
  A yaktaur captain (Vaults:1)
  3 salamander tyrants
  7 servants of whispers (Desolation)
  8 peacekeepers (Desolation)
  2 ogre magi
  A catoblepas (Lair:5)
  6 centaur warriors
  5 merfolk avatars
  2 ironbound frosthearts (IceCv)
  14 anacondas
  6 two-headed ogres
  6 hydras
  A dancing weapon (Shoals:1)
  2 satyrs (Shoals:4)
  4 tengu warriors
  11 naga warriors
  4 boulder beetles
  2 merfolk aquamancers (Shoals:4)
  10 death yaks
  4 shock serpents
  The ghost of tdog the Unseen, a journeyman SpBr of Okawaru (D:12)
  8 naga sharpshooters
  2 sun demons (Shoals:2)
  Sonja (Lair:4)
  A fire crab (shapeshifter) (D:13)
  2 nameless horrors
  3 salamander mystics
  A skeletal warrior (D:13)
  2 deep trolls (Vaults:1)
  10 mana vipers
  2 skysharks
  An orange crystal statue (IceCv)
  An arcanist (D:14)
  11 sea snakes
  6 naga ritualists
  6 ironbound convokers
  3 lindwurms
  7 deep elf pyromancers
  19 harpies
  4 orc knights
  Maurice (D:8)
  19 fauns
  11 salamanders
  4 oklob plants
  32 ugly things
  4 orc sorcerers
  7 cyclopes
  6 meliai
  7 manticores
  Joseph (D:8)
  6 merfolk sirens
  2 elephants (Lair:5)
  5 kobold blastminers
  45 black mambas
  12 guardian serpents
  A vault sentinel (Vaults:1)
  6 naga magi
  5 water nymphs
  14 cane toads
  A molten gargoyle (Desolation)
  4 centaur skeletons (D:13)
  3 torpor snails (Lair:5)
  Jeremiah (D:7)
  2 gargoyles (D:10)
  15 rime drakes
  3 kobold demonologists
  An efreet (D:14)
  5 yaktaurs
  3 freezing wraiths
  8 komodo dragons
  An unseen horror (shapeshifter) (D:14)
  Psyche (D:8)
  20 merfolk
  Grinder (D:6)
  6 wind drakes
  7 trolls
  25 blink frogs
  20 polar bears
  9 dream sheep
  51 saltlings
  10 snapping turtles
  2 centaur simulacra (D:10)
  10 slime creatures
  4 water elementals
  7 wraiths
  9 wyverns
  A shadow (D:13)
  9 basilisks
  4 fire elementals (D:15)
  2 wargs
  42 yaks
  Eustachio (D:6)
  6 vampire mosquitoes
  26 nagas
  4 acid dragons
  14 water moccasins
  3 hell hounds (D:15)
  18 orc warriors
  2 black bears
  2 sky beasts
  3 ice beasts
  A black bear (shapeshifter) (D:14)
  A meliai simulacrum (D:10)
  An ogre (shapeshifter) (D:14)
  6 boggarts
  7 wolves
  11 centaurs
  10 ogres
  11 bullfrogs
  A phantom (D:7)
  7 kobold brigands
  A scorpion (D:4)
  A wyvern zombie (D:6)
  3 gnoll sergeants
  A water moccasin zombie (D:6)
  A wight (D:6)
  8 killer bees
  2 electric eels
  4 howler monkeys
  3 centaur zombies (D:6)
  2 bullfrog zombies (D:6)
  2 hounds
  A jelly (D:8)
  6 orc priests
  A human zombie (D:6)
  A sleepcap (D:7)
  3 iguanas
  10 orc wizards
  5 hell rats (Lair:2)
  2 killer bee zombies (D:6)
  A howler monkey zombie (D:6)
  11 adders
  6 gnolls
  4 river rats
  A shadow imp (D:7)
  7 white imps
  6 ufetubi
  2 ribbon worms (D:2)
  A dart slug (D:4)
  35 orcs
  2 ball pythons (D:6)
  5 bats
  8 endoplasms
  A giant cockroach (D:6)
  5 goblins
  10 hobgoblins
  2 jackals (Sewer)
  5 quokkas
  6 frilled lizards
  10 kobolds
  10 rats
1034 creatures vanquished.

Vanquished Creatures (collateral kills)
  A nagaraja (Snake:4)
  A halazid warlock (Desolation)
  2 merfolk javelineers (Shoals:4)
  Harold (Lair:1)
  A ragged hierophant (Vaults:1)
  A peacekeeper (Desolation)
  A hydra (Lair:4)
  4 anacondas
  A satyr (Shoals:4)
  A naga warrior (Snake:4)
  2 two-headed ogres (D:9)
  3 death yaks
  A merfolk aquamancer (Shoals:4)
  A naga sharpshooter (Snake:4)
  3 deep trolls (Vaults:1)
  3 skysharks
  6 sea snakes
  An arcanist (Vaults:1)
  2 mana vipers
  6 naga ritualists
  7 harpies
  An ironbound convoker (Vaults:1)
  A lindwurm (Vaults:1)
  4 manticores
  9 fauns
  An ugly thing (Vaults:1)
  3 cyclopes
  2 salamanders
  A nameless horror (Snake:4)
  5 merfolk sirens
  A water nymph (Shoals:4)
  A molten gargoyle (Desolation)
  3 naga magi
  5 black mambas
  A rime drake (Lair:5)
  A komodo dragon (Lair:2)
  2 wind drakes (Shoals:2)
  4 merfolk
  4 saltlings (Desolation)
  A polar bear (IceCv)
  2 blink frogs (Lair:2)
  3 snapping turtles
  6 dream sheep
  3 water elementals
  A spriggan (D:9)
  16 yaks
  A wyvern (Lair:2)
  A basilisk (Lair:5)
  8 nagas
  2 orc warriors
  2 howler monkeys
  2 orc priests
  An orc wizard (D:9)
  A hell rat (Lair:2)
  2 gnolls
  2 dart slugs
  5 orcs
  An endoplasm (D:4)
  A ball python (D:4)
  2 frilled lizards
161 creatures vanquished.

Vanquished Creatures (others)
  A frost giant (IceCv)
  An ogre mage (D:14)
  2 anaconda zombies (Snake:4)
  5 ugly thing zombies
  A guardian serpent (Desolation)
  A dwarf zombie (Orc:2)
  A rime drake (IceCv)
  4 sea snake zombies
  4 death yak zombies
  6 harpy zombies
  A guardian serpent zombie (Desolation)
  A blink frog (Lair:1)
  A meliai zombie (D:13)
  9 black mamba zombies
  A slime creature zombie (D:13)
  A wind drake zombie (Shoals:4)
  6 faun zombies
  2 water nymph zombies (Shoals:2)
  5 cane toad zombies
  A water moccasin (Lair:1)
  5 human zombies
  5 merfolk zombies
  A manticore zombie (Shoals:4)
  2 snapping turtle zombies
  3 blink frog zombies (Lair:2)
  2 elephant zombies (Lair:5)
  A rime drake zombie (IceCv)
  A salamander zombie (Snake:4)
  A komodo dragon zombie (Lair:1)
  2 wyvern zombies
  A cyclops zombie (Shoals:4)
  2 hell hound zombies (D:15)
  A water moccasin zombie (Lair:1)
  2 troll zombies
  A polar bear zombie (IceCv)
  7 yak zombies
  2 wolf zombies
  2 centaur zombies
  A basilisk zombie (Lair:5)
  3 killer bee zombies (D:9)
  10 naga zombies
  2 ogre zombies (Orc:2)
  2 gnoll zombies (D:12)
  2 jackal zombies (Sewer)
  4 kobold zombies
  22 orc zombies
141 creatures vanquished.

Grand Total: 1336 creatures vanquished

Notes
Turn   | Place    | Note
-------+----------+-------------------------------------------
     0 | D:1      | BubbleThief the Demonspawn Necromancer began the quest for
                  | the Orb.
     0 | D:1      | Reached XP level 1. HP: 13/13 MP: 3/3
   369 | D:1      | Gained mutation: You may rarely emit foul miasma when
                  | damaged in melee. [demonic ancestry]
   369 | D:1      | Reached XP level 2. HP: 13/19 MP: 0/5
  1140 | D:2      | Reached skill level 5 in Necromancy
  1497 | D:2      | Gained mutation: You sometimes emit foul miasma when
                  | damaged in melee. [demonic ancestry]
  1497 | D:2      | Reached XP level 3. HP: 19/24 MP: 1/6
  2385 | D:3      | Reached XP level 4. HP: 30/30 MP: 4/8
  2482 | D:3      | Found a hide-covered altar of Uskayaw.
  2483 | D:3      | Found a shadowy altar of Dithmenos.
  2483 | D:3      | Found an ornate altar of the Wu Jian Council.
  2674 | D:3      | Found a bloodstained altar of Trog.
  2844 | D:3      | Found a faded altar of an unknown god.
  2858 | D:3      | Reached skill level 6 in Necromancy
  3532 | D:4      | Gained mutation: When seriously injured, your blood forms
                  | armour. (AC +12) [demonic ancestry]
  3532 | D:4      | Reached XP level 5. HP: 24/35 MP: 3/9
  3764 | D:4      | Reached skill level 7 in Necromancy
  3951 | D:4      | Reached XP level 6. HP: 41/41 MP: 2/10
  3961 | D:4      | Learned a level 3 spell: Vampiric Draining
  3966 | D:4      | Learned a level 4 spell: Animate Dead
  4411 | D:4      | Reached skill level 1 in Fighting
  4635 | D:5      | Entered Level 5 of the Dungeon
  4677 | D:5      | Found a blossoming altar of Fedhas.
  4780 | D:5      | Found a broken altar of Ashenzari.
  5156 | D:5      | Gained mutation: You frequently emit foul miasma when
                  | damaged in melee. [demonic ancestry]
  5156 | D:5      | Reached XP level 7. HP: 33/51 MP: 3/11
  5465 | D:5      | Found the +7 sceptre of Torment {pain, torment}
  5538 | D:5      | Identified the +3 buckler "Gimitum" {rPois}
  5655 | D:6      | Found a glowing drain.
  5660 | Sewer    | Entered a sewer
  5940 | D:6      | Noticed Grinder
  5948 | D:6      | Paralysed by Grinder for 5 turns
  6052 | D:6      | Paralysed by Grinder for 2 turns
  6056 | D:6      | Killed Grinder
  6293 | D:6      | Identified the +7 falchion "Herat" {holy, Int+2}
  6327 | D:6      | Noticed Eustachio
  6333 | D:6      | Killed Eustachio
  6334 | D:6      | Gained mutation: You sometimes gain a little power by
                  | taking damage. [demonic ancestry]
  6334 | D:6      | Reached XP level 8. HP: 57/61 MP: 10/12
  6340 | D:6      | Reached skill level 5 in Fighting
  6340 | D:6      | Reached skill level 5 in Dodging
  6566 | D:6      | Found an ancient bone altar of Kikubaaqudgha.
  6573 | D:6      | Became a worshipper of Kikubaaqudgha
  6858 | D:7      | Noticed Jeremiah
  7004 | D:7      | Reached skill level 8 in Necromancy
  7054 | D:7      | Killed Jeremiah
  7055 | D:7      | Gained mutation: When seriously injured, your blood forms
                  | thick armour. (AC +12) [demonic ancestry]
  7055 | D:7      | Reached XP level 9. HP: 45/71 MP: 0/13
  7548 | D:7      | Found a staircase to the Ecumenical Temple.
  7892 | D:8      | Found a basalt altar of Yredelemnul.
  8046 | D:8      | Noticed a two-headed ogre
  8053 | D:8      | Killed a two-headed ogre
  8054 | D:8      | Reached skill level 9 in Necromancy
  8124 | D:8      | Learned a level 5 spell: Curse of Agony
  8227 | D:8      | Noticed Joseph
  8311 | D:8      | Killed Joseph
  8467 | D:8      | Noticed Maurice
  8479 | D:8      | Killed Maurice
  8480 | D:8      | Gained mutation: You have a small tail. [demonic ancestry]
  8480 | D:8      | Reached XP level 10. HP: 54/81 MP: 4/14
  8795 | D:8      | Noticed Psyche
  8832 | D:8      | Killed Psyche
  8833 | D:8      | Reached skill level 10 in Necromancy
  9110 | D:9      | Reached * piety under Kikubaaqudgha
  9110 | D:9      | Received a gift from Kikubaaqudgha
  9270 | D:9      | Found a staircase to the Lair.
  9853 | D:9      | Noticed a two-headed ogre
  9853 | D:9      | Noticed a two-headed ogre
  9862 | D:9      | Killed a two-headed ogre
  9863 | D:9      | Reached skill level 11 in Necromancy
  9869 | D:9      | Killed a two-headed ogre
  9881 | D:9      | Reached XP level 11. HP: 90/90 MP: 15/15
  9886 | D:9      | Found the +8 pair of quick blades "Gyre" and "Gimble"
                  | {protect}
  9965 | Lair:1   | Entered Level 1 of the Lair of Beasts
  9965 | Lair:1   | Noticed an oklob plant
  9972 | D:9      | Reached skill level 1 in Short Blades
  9980 | D:9      | Reached ** piety under Kikubaaqudgha
  9993 | D:10     | Entered Level 10 of the Dungeon
 10393 | D:10     | Noticed a two-headed ogre
 10396 | D:10     | Reached skill level 5 in Short Blades
 10403 | D:10     | Killed a two-headed ogre
 10552 | D:10     | Noticed a two-headed ogre
 10559 | D:10     | Killed a two-headed ogre
 10929 | D:11     | Noticed a two-headed ogre
 10946 | D:11     | Killed a two-headed ogre
 11059 | D:11     | Reached *** piety under Kikubaaqudgha
 11059 | D:11     | Received a gift from Kikubaaqudgha
 11440 | D:12     | Reached XP level 12. HP: 79/97 MP: 16/16
 11512 | D:12     | Noticed a boulder beetle
 11530 | D:12     | Killed a boulder beetle
 11585 | D:12     | Noticed a boulder beetle
 11606 | D:12     | Killed a boulder beetle
 11607 | D:12     | Reached skill level 10 in Short Blades
 11608 | D:12     | Noticed a two-headed ogre
 11655 | D:11     | Learned a level 3 spell: Fugue of the Fallen
 12275 | Lair:1   | Found a blossoming altar of Fedhas.
 12425 | Lair:1   | Noticed Harold
 12480 | Lair:1   | Killed Harold
 12503 | Lair:1   | Reached **** piety under Kikubaaqudgha
 13739 | Lair:2   | Noticed a death yak
 13740 | Lair:2   | Noticed a death yak
 13740 | Lair:2   | Noticed a death yak
 13749 | Lair:2   | Noticed a death yak
 13762 | Lair:2   | Killed a death yak
 13775 | Lair:2   | Killed a death yak
 13776 | Lair:2   | Reached XP level 13. HP: 97/103 MP: 9/17
 13981 | Lair:2   | Reached skill level 10 in Fighting
 14677 | Lair:3   | Reached ***** piety under Kikubaaqudgha
 14785 | Lair:3   | Found a staircase to the Snake Pit.
 15026 | Lair:3   | Found a staircase to the Shoals.
 15054 | Lair:3   | Learned a level 4 spell: Dispel Undead
 15650 | Lair:4   | Found a staircase to the Slime Pits.
 15653 | Lair:4   | Found a viscous altar of Jiyva.
 15759 | Lair:4   | Reached skill level 12 in Necromancy
 15869 | Lair:4   | Reached skill level 10 in Dodging
 15886 | Lair:4   | Reached skill level 5 in Spellcasting
 15889 | Lair:4   | Gained mutation: You have a tail ending in a sharp stinger.
                  | [demonic ancestry]
 15889 | Lair:4   | Reached XP level 14. HP: 37/111 MP: 21/21
 16117 | Lair:4   | Noticed Sonja
 16127 | Lair:4   | Killed Sonja
 16523 | Lair:5   | Entered Level 5 of the Lair of Beasts
 16633 | Lair:5   | Reached skill level 5 in Stealth
 17368 | Lair:5   | Learned a level 4 spell: Martyr's Knell
 18373 | D:12     | Found a runed translucent gate.
 18373 | D:12     | Found a runed translucent gate.
 18373 | D:12     | Found a runed translucent gate.
 18373 | D:12     | Noticed tdog's ghost (journeyman SpBr)
 18584 | D:12     | Killed tdog's ghost
 18679 | D:12     | Reached skill level 13 in Necromancy
 19056 | D:12     | Found a staircase to the Orcish Mines.
 19077 | D:12     | Reached ****** piety under Kikubaaqudgha
 19133 | Orc:1    | Entered Level 1 of the Orcish Mines
 19133 | Orc:1    | Found Vukipech's Distillery.
 19252 | Orc:2    | Entered Level 2 of the Orcish Mines
 19255 | Orc:2    | Found Teosar's General Store.
 19271 | Orc:1    | You fall into a shaft and drop 1 floor!
 19298 | Orc:2    | Noticed an orc warlord
 19299 | Orc:2    | Noticed Jorgrun
 19309 | Orc:2    | Paralysed by an orc sorcerer for 4 turns
 19327 | Orc:2    | Found Xoakk's Antique Armour Boutique.
 19350 | Orc:2    | Killed Jorgrun
 19354 | Orc:2    | Killed an orc warlord
 19377 | Orc:2    | Your ally Jorgrun died
 19654 | Orc:2    | Bought a runed helmet for 157 gold pieces
 19654 | Orc:2    | Bought a fine leather armour for 147 gold pieces
 19654 | Orc:2    | Identified the +1 leather armour "Forget-Me-Not" {Fly rC-
                  | Int+2} (You bought it in a shop on level 2 of the Orcish
                  | Mines)
 19686 | Orc:2    | Bought a +2 pair of gloves for 214 gold pieces
 19686 | Orc:2    | Bought a potion of curing for 39 gold pieces
 19697 | Orc:2    | Found a staircase to the Elven Halls.
 19878 | Orc:2    | Found Aplabb's Jewellery Shop.
 19892 | Orc:2    | Bought the amulet of Jealousy {Reflect rPois Dex+3 Slay+3
                  | SH+5} for 721 gold pieces
 20267 | Orc:2    | Found Ysep's Antique Weapon Emporium.
 20367 | Orc:1    | Gained mutation: You have a sharp stinger which inflicts
                  | weakening toxins. [demonic ancestry]
 20367 | Orc:1    | Reached XP level 15. HP: 113/120 MP: 22/25
 20916 | D:13     | Noticed Frances
 21221 | D:13     | Killed Frances
 21296 | D:13     | Noticed Rupert
 21300 | D:13     | Paralysed by Rupert for 4 turns
 21314 | D:13     | Killed Rupert
 21507 | D:13     | Found a gate to the Vaults.
 22179 | D:14     | Reached skill level 14 in Necromancy
 22388 | D:14     | Learned a level 4 spell: Anguish
 22388 | D:14     | Received a gift from Kikubaaqudgha (forbidden knowledge)
 22612 | D:14     | Identified a scroll of acquirement
 22612 | D:14     | Acquired the ring "Vallam" {Wiz Int+6 Dex+3}
 22908 | D:14     | Paralysed by an ogre mage for 5 turns
 23077 | D:14     | Identified the staff "Voturch" {rPois Will+ Dex+4 Summ
                  | Alchemy}
 23340 | D:15     | Entered Level 15 of the Dungeon
 23376 | D:15     | Noticed Louise
 23381 | D:15     | Killed Louise
 23382 | D:15     | Reached skill level 1 in Summonings
 23463 | D:15     | Noticed Azrael
 23493 | D:15     | Killed Azrael
 23513 | D:15     | Reached XP level 16. HP: 100/130 MP: 28/28
 23602 | D:15     | Found a staircase to the Depths.
 23868 | D:15     | Noticed Josephine
 23878 | D:15     | Killed Josephine
 24430 | Snake:1  | Entered Level 1 of the Snake Pit
 24433 | Snake:1  | Noticed Mlioglotl
 24443 | Snake:1  | Killed Mlioglotl
 24569 | Snake:1  | Found a glacial archway.
 24579 | IceCv    | Entered an ice cave
 24743 | IceCv    | Reached skill level 5 in Summonings
 25003 | IceCv    | Reached skill level 15 in Necromancy
 25598 | Snake:1  | Found an ornate altar of the Wu Jian Council.
 26152 | Snake:2  | Identified the ring "Wialaem" {Fly rCorr Dex+3}
 26194 | Snake:2  | Reached skill level 10 in Stealth
 26492 | Snake:2  | Learned a level 7 spell: Haunt
 26542 | Snake:2  | Gained mutation: When seriously injured, your blood forms
                  | very thick armour. (AC +12) [demonic ancestry]
 26542 | Snake:2  | Reached XP level 17. HP: 95/138 MP: 25/30
 28294 | Snake:3  | Found Veuqofic's Jewellery Shop.
 28295 | Snake:3  | Found Hypout's Book Emporium.
 28296 | Snake:3  | Found Fummem's Jewellery Shop.
 28308 | Snake:3  | Bought the amulet of Vitality {RegenMP++ Regen++} for 1400
                  | gold pieces
 28308 | Snake:3  | Found the amulet of Vitality {RegenMP++ Regen++}
 28634 | Snake:4  | Entered Level 4 of the Snake Pit
 28641 | Snake:4  | Reached skill level 10 in Spellcasting
 30522 | Snake:4  | Reached skill level 16 in Necromancy
 30933 | Snake:4  | Noticed Vashnia
 31520 | Snake:4  | Killed Vashnia
 31521 | Snake:4  | Reached skill level 10 in Summonings
 31521 | Snake:4  | Reached XP level 18. HP: 127/147 MP: 27/32
 31593 | Snake:4  | Got a serpentine rune of Zot
 31789 | Shoals:1 | Entered Level 1 of the Shoals
 32107 | Shoals:1 | Found a runed translucent door.
 32109 | Shoals:1 | Found a shimmering altar of Xom.
 32109 | Shoals:1 | Noticed howech's ghost (adept MiBe)
 32132 | Shoals:1 | Killed howech's ghost
 32133 | Shoals:1 | Identified the +3 scale mail of the Trees {-Cast +Blink
                  | rElec rCorr}
 32454 | Shoals:2 | Found a bloodstained altar of Trog.
 32771 | Shoals:2 | Reached skill level 15 in Fighting
 33523 | Shoals:3 | Identified the serpent talisman "Ruwoew" {Dex+5}
 33523 | Shoals:3 | Noticed Aizul
 33536 | Shoals:3 | Killed Aizul
 34367 | Shoals:4 | Entered Level 4 of the Shoals
 34455 | Shoals:4 | Identified the +2 mace of Corporal Punishment {heavy,
                  | rCorr}
 34686 | Shoals:4 | Identified the +0 plate armour "Wozeon" {rElec MP+9 Slay+2}
 34865 | Shoals:4 | Reached XP level 19. HP: 128/155 MP: 29/34
 35181 | Shoals:4 | Got a barnacled rune of Zot
 35270 | Shoals:4 | Reached skill level 17 in Necromancy
 36020 | Vaults:1 | Entered Level 1 of the Vaults
 36090 | Vaults:1 | Found a crumbling gateway.
 36107 | Desolati | Entered the Desolation of Salt
 36232 | Desolati | Identified the staff "Iraus" {rC+ rN+ Necro Earth}
 36550 | Desolati | Got Xubiq's Papyrus of Wanderlust
 36552 | Desolati | Got the Verses on Hyperborean Charms
 36553 | Desolati | Identified the staff of Geivosat {rF+ rC+++ rN+++ Str-2
                  | Conj}
 36568 | Desolati | Identified the +10 hand axe of Uramuod {freeze, rC+ Str-5
                  | Int+3}
 36854 | Desolati | Identified the amulet of Tension {Faith rElec Will- Str+3
                  | SInv}
 37008 | Desolati | Identified the amulet "Veanourgh" {Acrobat rC++ Int+3 Dex-3
                  | Slay+2}
 37011 | Desolati | Identified the ring of Lamaosil {rF+ Will+ Int+3}
 37012 | Desolati | Identified the amulet of Koiso {Acrobat rElec Int+3}
 37433 | Vaults:1 | Noticed Nikola
 37449 | Vaults:1 | Killed from afar by Nikola

Illustrated notes

Levels and vault maps discovered:
D:1:      amcnicky_arrival_gap_in_the_tavern_cellar, layout_basic
D:2:      layout_basic
D:3:      layout_basic, chequers_temple_overflow_statue_of_worship,
          mainiacjoe_overflow_cross_hatched, basic_ecumenical_altar
D:4:      layout_basic, dk_noncrumbling_4, minivault_23, feat_on_display
D:5:      layout_gridville, nicolae_overflow_squiral
D:6:      layout_cave_pools, lemuel_mausoleum_altar_kikubaaqudgha,
          mainiacjoe_sewer_entry_somewhere_in_here_2, uniq_eustachio,
          uniq_grinder
D:7:      layout_gridville, minmay_temple_entry_large_hall, minivault_1,
          uniq_jeremiah
D:8:      layout_gridville, mainiacjoe_overflow_six_doors_small, uniq_joseph,
          uniq_maurice, uniq_psyche
D:9:      layout_basic, minmay_lair_entry_grove,
          hellmonk_guarded_unrand_gyre_and_gimble
D:10:     layout_roguey, serial_ice, serial_ice_i, serial_ice_e, serial_ice_a,
          serial_ice_o, serial_ice_g, serial_ice_h, serial_ice_m, serial_ice_b
D:11:     layout_rooms
D:12:     layout_small_grid, kennysheep_orc_monster_closet_entryway,
          ebering_ghost_rock_garden, kennysheep_small_square
D:13:     layout_cave_pools, hangedman_vaults_entry_quadrant_bands, uniq_rupert,
          uniq_frances
D:14:     minmay_the_grid_3x2 [minmay_the_grid_expand, minmay_the_grid_box_x,
          minmay_the_grid_mess, minmay_the_grid_small_cups,
          minmay_the_grid_gridbox, minmay_the_grid_prize_trominoes],
          layout_loops_ring, lemuel_nasty_fountain
D:15:     grunt_enter_depths_snipers, layout_basic, minmay_large_rounded_square,
          st_stairs_10, uniq_louise, uniq_josephine, uniq_azrael
Lair:1:   layout_regular_city, hangedman_tree_tricks, serial_bayou_shore_b,
          infiniplex_staircase_pool, uniq_harold
Lair:2:   layout_cave_pods
Lair:3:   layout_regular_city, minmay_shoals_entry_lonely_mermaid,
          guppyfry_snake_entry_island
Lair:4:   layout_misc_corridors, slime_entry_1, grunt_megastairs_4, uniq_sonja
Lair:5:   hangedman_lair_in_review, layout_cave_pods, serial_bayou_shore_b
Shoals:1: layout_shoals, ebering_ghost_xom
Shoals:2: layout_shoals, hangedman_feature_mirror, nicolae_shoals_sun_and_surf
Shoals:3: cheibrodos_shoals_roost, layout_shoals, uniq_aizul
Shoals:4: shoals_end_grunt_garden, layout_shoals
Snake:1:  layout_gridlike, portal_ice_cave_entry_frozen_things, basic_altar,
          uniq_mlioglotl
Snake:2:  layout_layer_cave
Snake:3:  layout_concentric_octagons, grunt_ministairs_5,
          nicolae_twisty_statue_hallways, minmay_shop_grove
Snake:4:  grunt_snake_rune_serpentine_throne, layout_layer_cave,
          serial_bayou_shore_b
Orc:1:    layout_caves, basic_altar, serial_shops, shop, hellmonk_talismancer
Orc:2:    grunt_orc_gardens, layout_caves, grunt_orc_garden, grunt_orc_garden,
          grunt_orc_garden, grunt_orc_garden, uniq_jorgrun
Vaults:1: portal_desolation_entry_nicolae_nacl,
          nicolae_vaults_variable_pillar_hall, nicolae_vaults_closet_pinwheel_3,
          nicolae_vaults_little_guard_posts, v_misc_29,
          vaults_room_mumra_shop_pool, v_misc_24, layout_vaults_omnigrid,
          uniq_nikola

Skill      XL: |  1  2  3  4  5  6  7  8  9 10 11 12 13 14 15 16 17 18 19 |
---------------+----------------------------------------------------------+-----
Necromancy     | 5 6 7 8 9 11 12 13 14 15 16 17 | 17.6
Spellcasting   | 3 5 6 8 9 10 11 12 | 12.0
Dodging        | 3 4 6 7 9 10 11 12 13 14 | 14.9
Fighting       | 2 4 6 8 9 10 11 13 14 15 16 | 16.1
Short Blades   | 9 13 14 | 14.0
Stealth        | 4 6 8 10 11 12 13 | 13.2
Summonings     | 1 7 10 12 13 | 13.7

Action                     |  1- 3 |  4- 6 |  7- 9 | 10-12 | 13-15 | 16-18 | 19-21 || total
---------------------------+-------+-------+-------+-------+-------+-------+-------++-------
  Melee: War axe           |     5 |       |       |       |       |       |       ||     5
         Falchion          |       |     1 |       |       |       |       |       ||     1
         Eveningstar       |       |       |   175 |    44 |       |       |       ||   219
         Punch             |       |       |     1 |     1 |       |       |       ||     2
         Tailslap          |       |       |       |   181 |   575 |   656 |   368 ||  1780
         Pair of quick bla |       |       |       |   861 |  2411 |  2730 |  1151 ||  7153
   Cast: Necrotise         |    69 |   121 |    23 |    23 |    22 |       |       ||   258
         Vampiric Draining |       |       |     8 |     7 |     4 |     3 |     2 ||    24
         Animate Dead      |       |       |     2 |    11 |    14 |    13 |     7 ||    47
         Curse of Agony    |       |       |     1 |     2 |     3 |     3 |       ||     9
         Fugue of the Fall |       |       |       |     2 |     6 |     6 |       ||    14
         Dispel Undead     |       |       |       |       |     3 |     5 |       ||     8
         Martyr's Knell    |       |       |       |       |     1 |     8 |     1 ||    10
         Anguish           |       |       |       |       |       |     5 |       ||     5
         Haunt             |       |       |       |       |       |    23 |    14 ||    37
 Invoke: Unearth Wretches  |       |       |       |     1 |       |       |       ||     1
         Receive Forbidden |       |       |       |       |     1 |       |       ||     1
  Evoke: Wand              |       |       |     1 |       |     1 |       |       ||     2
    Use: Scroll            |       |       |       |    14 |     9 |    11 |     3 ||    37
         Potion            |       |       |       |     1 |     2 |     2 |     1 ||     6
   Stab: Sleeping          |       |       |     4 |     4 |    15 |    16 |     9 ||    48
         Distracted        |       |       |       |     5 |     9 |    30 |     3 ||    47
 Armour: Robe              |     8 |    12 |       |       |       |       |       ||    20
         Leather armour    |       |    20 |   122 |   191 |   294 |   369 |   152 ||  1148
         Skin              |       |       |       |     3 |       |       |       ||     3
  Dodge: Dodged            |    10 |    19 |   188 |   279 |   358 |   657 |   234 ||  1745
  Block: Other             |       |       |       |       |    33 |   150 |    21 ||   204
         Reflection        |       |       |       |       |     8 |    19 |     3 ||    30
